 Dungeon Crawl Stone Soup version 0.29-a0-477-g62b78b4225 (webtiles) character file.

Game seed: 11069480886400246239

296 testman the Conjurer (level 6, -3/45 HPs)
             Began as a Draconian Conjurer on May 24, 2022.
             Killed from afar by Ijyb (16 damage)
             ... with an iceblast
             ... on level 3 of the Dungeon.
             The game lasted 00:12:14 (2724 turns).

testman the Conjurer (Draconian Conjurer)           Turns: 2724, Time: 00:12:15

Health: -3/45      AC:  6    Str:  9    XL:     6   Next: 12%
Magic:  1/10       EV: 12    Int: 20    God:
Gold:   153        SH:  0    Dex: 10    Spells: 4/11 levels left

rFire   . . .      SeeInvis .   f - +3 dagger
rCold   . . .      Faith    .   (no shield)
rNeg    . . .      Spirit   .   (body armour unavailable)
rPois   .          Reflect  .   (helmet restricted)
rElec   .          Harm     .   (no cloak)
rCorr   .          Rampage  .   (no gloves)
Will    .....                   (no boots)
Stlth   ++........              (no amulet)
HPRegen 0.15/turn               (no ring)
MPRegen 0.12/turn               (no ring)

@: very slightly contaminated
A: AC +6, unfitting armour, cold-blooded
a: no special abilities


You were on level 3 of the Dungeon.
You visited 1 branch of the dungeon, and saw 3 of its levels.

You collected 153 gold pieces.

Inventory:

Hand Weapons
 f - a +3 dagger (weapon)
Missiles
 d - 55 stones
Wands
 j - a wand of flame (17)
Scrolls
 c - 2 scrolls of teleportation {unknown}
 e - a scroll of fear {unknown}
 g - a scroll of poison {unknown}
 i - a scroll of enchant weapon {unknown}
Potions
 a - a potion of magic
 b - a potion of mutation {unknown}
 h - a potion of degeneration
 k - 2 potions of might


   Skills:
 - Level 1.7 Dodging
 - Level 1.7 Stealth
 + Level 3.3 Spellcasting
 + Level 5.0 Conjurations
 + Level 4.2 Translocations


You had 4 spell levels left.
You knew the following spells:

 Your Spells              Type           Power      Damage    Failure   Level
a - Magic Dart            Conj           92%        1d7       1%          1
b - Searing Ray           Conj           46%        2d6       2%          2
c - Iskenderun's Mystic   Conj/Tloc      21%        2d6       21%         4

Your spell library contained the following spells:

 Spells                   Type           Power      Damage    Failure   Level
 Dazzling Flash           Conj/Hex       26%        N/A       14%         3
 Fulminant Prism          Conj/Hex       6%         3d7       43%         4
 Iskenderun's Battlesphe  Conj           23%        2d8       43%         5
 Iron Shot                Conj/Erth      6%         9d2       100%        6
 Spellforged Servitor     Conj/Summ      6%         N/A       100%        7


Dungeon Overview and Level Annotations

Branches:
Dungeon (3/15)

Altars:
Kikubaaqudgha

Annotations:
D:3 Ijyb


Innate Abilities, Weirdness & Mutations

Your plain brown scales are hard. (AC +6)
You cannot fit into any form of body armour.
You are cold-blooded and may be slowed by cold attacks.


Message History

There is a stone staircase leading down here.
You open the door.
There is an open door here.
d - 55 stones (gained 20)
You see here a ball python corpse.
Ijyb the Twisted Goblin comes into view.
She is wielding a +0 dagger, wearing a +4 chain mail of willpower and carrying a wand of iceblast (10).
Ijyb shouts!
Aiming: Magic Dart (safe; 1% risk of failure)
Press: ? - help, Q - select action, (/) - cycle Shift-Dir - straight line, f - Ijyb
Aim: Ijyb, wielding a +0 dagger, wearing a +4 chain mail of willpower and carrying a wand of iceblast (10) (100% to hit)
The magic dart hits Ijyb but does no damage.
Aiming: Magic Dart (safe; 1% risk of failure)
Press: ? - help, Q - select action, (/) - cycle Shift-Dir - straight line, f/p - Ijyb
Aim: Ijyb, wielding a +0 dagger, wearing a +4 chain mail of willpower and carrying a wand of iceblast (10) (100% to hit)
You miscast Magic Dart.
You are very lightly contaminated with residual magic.
Nothing appears to happen.
Casting: Magic Dart (safe; 1% risk of failure)
Confirm with . or Enter, or press ? or * to list all spells.
Aiming: Searing Ray (safe; 2% risk of failure)
Press: ? - help, Shift-Dir - straight line, f/p - Ijyb
Aim: Ijyb, wielding a +0 dagger, wearing a +4 chain mail of willpower and carrying a wand of iceblast (10) (78% to hit)
The searing ray misses Ijyb. (Press . to maintain the ray.) Ijyb zaps a wand.
The mass of ice explodes!
The iceblast engulfs you!!
The searing ray hits Ijyb but does no damage.
The searing ray hits Ijyb but does no damage.
The searing ray misses Ijyb.
You finish channelling your searing ray.
Ijyb zaps a wand.
The mass of ice explodes!
The iceblast engulfs you!
* * * LOW HITPOINT WARNING * * *
Casting: Searing Ray (safe; 2% risk of failure)
Confirm with . or Enter, or press ? or * to list all spells.
Aiming: Searing Ray (safe; 2% risk of failure)
Press: ? - help, Shift-Dir - straight line, f/p - Ijyb
Aim: Ijyb, wielding a +0 dagger, wearing a +4 chain mail of willpower and carrying a wand of iceblast (8) (78% to hit)
The searing ray hits Ijyb but does no damage. (Press . to maintain the ray.) Ijyb zaps a wand.
The mass of ice explodes!
The iceblast engulfs you!
You die...

#....# #..............# . #....#
#....##....###.# #..
##....######....##....###.#####..
.'...............)...............
##...†######....##...............
#....# #.....#...............
#....# #.....#...............
###### #.....#########.#####.
#....@# #..##... #.....# ##.##...
#....g# #####..#... #.....#
#......#... #.....# #......#...
#.....# #......#... #.....#
#.......... #.....# #........##
#........##


You could see Ijyb.

Vanquished Creatures
  Grinder (D:3)
  An orc wizard (D:3)
  2 adders
  A worm (D:2)
  A dart slug (D:1)
  5 orcs (D:3)
  2 endoplasms (D:3)
  3 giant cockroaches (D:2)
  4 goblins
  7 hobgoblins
  6 kobolds
  2 quokkas
  8 ball pythons
  3 bats (D:1)
  7 frilled lizards
  3 rats
56 creatures vanquished.

Notes
Turn   | Place    | Note
-------+----------+-------------------------------------------
     0 | D:1      | testman the Draconian Conjurer began the quest for the Orb.
     0 | D:1      | Reached XP level 1. HP: 14/14 MP: 3/3
   337 | D:1      | Reached XP level 2. HP: 20/20 MP: 0/5
   340 | D:1      | Learned a level 2 spell: Searing Ray
  1305 | D:2      | Reached XP level 3. HP: 26/26 MP: 4/7
  2234 | D:3      | Reached skill level 5 in Conjurations
  2234 | D:3      | Reached XP level 4. HP: 24/33 MP: 5/8
  2380 | D:3      | Learned a level 4 spell: Iskenderun's Mystic Blast
  2476 | D:3      | Reached skill level 1 in Translocations
  2550 | D:3      | Found an ancient bone altar of Kikubaaqudgha.
  2563 | D:3      | Noticed Grinder
  2579 | D:3      | Killed Grinder
  2580 | D:3      | Reached XP level 5. HP: 34/38 MP: 0/9
  2580 | D:3      | Reached XP level 6. HP: 40/45 MP: 0/10
  2712 | D:3      | Noticed Ijyb
  2724 | D:3      | Killed from afar by Ijyb

Illustrated notes

Levels and vault maps discovered:
D:1:      lightli_arrival_farm, layout_loops_ring, st_stairs_6
D:2:      cheibrodos_helix_gallery, layout_rooms
D:3:      layout_basic, mainiacjoe_overflow_alcove_2, gammafunk_ghost_grave,
          grunt_ministairs_6, uniq_ijyb, uniq_grinder

Skill      XL: |  1  2  3  4 |
---------------+-------------+-----
Spellcasting   | 3 |  3.3
Conjurations   | 5 |  5.0
Translocations | 4 |  4.2
Dodging        | |  1.7
Stealth        | |  1.7

Action                   |  1- 3 |  4- 6 || total
-------------------------+-------+-------++-------
Melee: Dagger            |    57 |    11 ||    68
       Tailslap          |     4 |     2 ||     6
 Cast: Magic Dart        |    53 |    12 ||    65
       Searing Ray       |     6 |     5 ||    11
  Use: Potion            |     5 |     2 ||     7
 Stab: Sleeping          |     3 |       ||     3
Armor: Skin              |    29 |     3 ||    32
Dodge: Dodged            |    28 |     5 ||    33

Table legend: (Time is in decaauts)
 A = Elapsed time spent in this place.
 B = Non-inter-level travel time spent in this place.
 C = Inter-level travel time spent in this place.
 D = Time resting spent in this place.
 E = Time spent auto-exploring this place.
 F = Levels seen in this place.
 G = Mean time per level.
                   A        B        C        D        E       F      G
               +--------+--------+--------+--------+--------+-----+--------+
         Total |   2743 |   2655 |     88 |    654 |   1576 |   3 |  914.3 |
       Dungeon |   2743 |   2655 |     88 |    654 |   1576 |   3 |  914.3 |
               +--------+--------+--------+--------+--------+-----+--------+

Top non-repeatable levels by time:
     D:1: 1238 daAuts
     D:2: 897 daAuts
     D:3: 607 daAuts
